 Dungeon Crawl Stone Soup version 0.28-a0-1594-ga885d4b3d6 (webtiles) character file.

Game seed: 4830966661970171751

152 Pin the Skirmisher (level 5, -8/47 HPs)
             Began as a Hill Orc Fighter on Jan 21, 2022.
             Was an Initiate of Ru.
             Mangled by an ogre (20 damage)
             ... on level 3 of the Dungeon.
             The game lasted 00:04:44 (3266 turns).

Pin the Skirmisher (Hill Orc Fighter)               Turns: 3266, Time: 00:04:45

Health: -8/47      AC:  9    Str: 21    XL:     5   Next: 34%
Magic:  5/5        EV:  9    Int:  8    God:    Ru [......]
Gold:   104        SH:  4    Dex: 10    Spells: 4/4 levels left

rFire   + . .      SeeInvis .   a - +0 war axe
rCold   . . .      Faith    .   c - +0 buckler
rNeg    . . .      Spirit   .   b - +0 scale mail
rPois   .          Reflect  .   i - +0 helmet
rElec   .          Harm     .   (no cloak)
rCorr   .          Rampage  .   o - +0 pair of gloves
Will    .....                   (no boots)
Stlth   ..........              (no amulet)
HPRegen 0.15/turn               m - ring of protection from fire
MPRegen 0.09/turn               (no ring)

@: no status effects
A: no striking features
a: Renounce Religion


You were on level 3 of the Dungeon.
You worshipped Ru.
Ru was noncommittal.
You visited 1 branch of the dungeon, and saw 4 of its levels.

You collected 104 gold pieces.

Inventory:

Hand Weapons
 a - a +0 war axe (weapon)
Armour
 b - a +0 scale mail (worn)
 c - a +0 buckler (worn)
 i - a +0 helmet (worn)
 o - a +0 pair of gloves (worn)
Jewellery
 m - a ring of protection from fire (left hand)
Scrolls
 g - 2 scrolls of identify {unknown}
 h - a scroll of summoning {unknown}
 j - 2 scrolls of vulnerability {unknown}
Potions
 d - a potion of might
 e - a potion of lignification {unknown}
 f - a potion of resistance {unknown}
 k - a potion of curing {unknown}
 l - a potion of cancellation {unknown}
 n - a potion of degeneration {unknown}


   Skills:
 + Level 4.6 Fighting
 + Level 4.2 Axes
 + Level 4.2 Armour
 + Level 4.3 Shields


You had 4 spell levels left.
You didn't know any spells.
Your spell library was empty.

Dungeon Overview and Level Annotations

Branches:
Dungeon (4/15)
 Temple: D:4-7

Altars:
Ru


Message History

The hound bites you but does no damage. The hound barely misses you.
You hit the hound but do no damage.
The hound is severely wounded.
The hound bites you but does no damage. The hound barely misses you.
You miss the hound.
The hound is severely wounded.
The hound barely misses you. The hound bites you but does no damage.
You slash the hound!
You kill the hound!
The ogre barely misses you.
There is a stone staircase leading up here.
You slash the ogre!
The ogre is moderately wounded.
The ogre hits you with a +0 giant club.
You hit the ogre but do no damage.
The ogre is moderately wounded.
The ogre hits you with a +0 giant club!
You completely miss the ogre.
The ogre is moderately wounded.
The ogre hits you with a +0 giant club!!
* * * LOW HITPOINT WARNING * * *
The ogre closely misses you.
You climb upwards.
There is a stone staircase leading down here.
Things that are here:
a +0 chain mail; a +0 hand axe; an orc skeleton You slash the ogre!
The ogre is heavily wounded.
The ogre hits you with a +0 giant club!
* * * LOW HITPOINT WARNING * * *
You slash the ogre!
The ogre is almost dead.
The ogre closely misses you.
You hit the ogre.
The ogre is almost dead.
You block the ogre's attack.
You hit the ogre.
The ogre is almost dead.
The ogre hits you with a +0 giant club!!
You die...

###############
#.............#
#.#####.#####.#
####### #.#
#.#####.###.....####
#.#
#..................#
#.#
#.#####.####.##.##.#
#.#####....O@.#
#.##....#
#.......#######
#.####..###
##.#.##.#
#######.#.......#
#.......#
#.....#.......#.#
#.##.##.#
#.....###.##.##.#
#.##.##.# #.....#
#.#..##.# #.##.##.#
#.....# #<#.###.#
#.##[##.# #.....#
#<#.###.# #.##.##.#
####.### #.......#


You could see an ogre.

Vanquished Creatures
  A hound (D:4)
  An orc wizard (D:3)
  2 adders
  2 worms
  2 dart slugs
  5 orcs (D:3)
  2 endoplasms
  3 giant cockroaches
  9 hobgoblins
  2 jackals (D:1)
  5 kobolds
  3 quokkas
  9 ball pythons
  5 frilled lizards
  5 goblins
  7 rats
63 creatures vanquished.

Notes
Turn   | Place    | Note
-------+----------+-------------------------------------------
     0 | D:1      | Pin the Hill Orc Fighter began the quest for the Orb.
     0 | D:1      | Reached XP level 1. HP: 19/19 MP: 1/1
   321 | D:1      | Reached XP level 2. HP: 25/27 MP: 2/2
  1268 | D:2      | Reached XP level 3. HP: 32/33 MP: 3/3
  1766 | D:2      | Found a sacrificial altar of Ru.
  1774 | D:2      | Became a worshipper of Ru the Awakened
  2394 | D:3      | Reached XP level 4. HP: 39/40 MP: 4/4
  2837 | D:3      | Reached XP level 5. HP: 24/47 MP: 5/5
  3171 | D:4      | Noticed an ogre
  3266 | D:3      | Mangled by an ogre

Illustrated notes

Levels and vault maps discovered:
D:1:      minmay_arrival_four_loops, layout_basic, minmay_misc_feat_diagonals,
          serial_bayou_pond_d, chequers_garden
D:2:      layout_loops_ring, basic_altar
D:3:      layout_loops_cross
D:4:      layout_loops_ring, nicolae_vehumet_radiance, cheibriados_altar_1,
          minmay_puff

Skill      XL: |  1  2  3  4 |
---------------+-------------+-----
Axes           | 3 4 |  4.2
Fighting       | 4 |  4.6
Shields        | 4 |  4.3
Armour         | 4 |  4.2

Action                   |  1- 3 |  4- 6 || total
-------------------------+-------+-------++-------
Melee: War axe           |   132 |    68 ||   200
Armor: Scale mail        |    56 |    29 ||    85
Dodge: Dodged            |    54 |    29 ||    83
Block: Buckler           |    26 |    14 ||    40

Table legend: (Time is in decaauts)
 A = Elapsed time spent in this place.
 B = Non-inter-level travel time spent in this place.
 C = Inter-level travel time spent in this place.
 D = Time resting spent in this place.
 E = Time spent auto-exploring this place.
 F = Levels seen in this place.
 G = Mean time per level.
                   A        B        C        D        E       F      G
               +--------+--------+--------+--------+--------+-----+--------+
         Total |   3339 |   3264 |     75 |    113 |   2553 |   4 |  834.8 |
       Dungeon |   3339 |   3264 |     75 |    113 |   2553 |   4 |  834.8 |
               +--------+--------+--------+--------+--------+-----+--------+

Top non-repeatable levels by time:
     D:1: 1278 daAuts
     D:3: 1050 daAuts
     D:2: 938 daAuts
     D:4: 71 daAuts
